Map: Dusk Towers

Players

MarineLorD

  • Race: Terran Terran
  • League: Grandmaster

Happy - Winner!

  • Race: Terran Terran
  • League: Grandmaster

Event: 2016 WCS Winter Challenger Europe

VOD

https://www.youtube.com/watch?v=oG66ayofIEA

Description

Time

  • Played on: Feb. 14, 2016, 12:30 p.m.
  • Length: 23:23

All games in this series

Show
View Real Time Build Order
Export as new Build Order

MarineLorD Terran 

Build Orders: Mech 

Get SALT Encoding   

  12  0:00  SCV  
  13  0:12  SCV  
  14  0:17  Supply Depot  
  14  0:24  SCV  
  15  0:38  SCV  
  15  0:41  Barracks  
  16  0:50  SCV  
  17  1:02  SCV  
  18  1:14  Command Center  
  18  1:18  SCV  
  19  1:28  Marine  
  19  1:31  Orbital Command  
  20  1:37  Supply Depot  
  20  1:46  Marine  
  21  1:51  Refinery  
  21  1:52  Refinery  
  21  1:57  SCV  
  22  2:04  Marine  
  23  2:09  SCV  
  24  2:21  SCV, Marine  
  26  2:27  Orbital Command  
  26  2:33  SCV  
  27  2:38  Factory  
  27  2:43  Barracks Reactor  
  27  2:45  SCV  
  28  2:53  SCV  
  28  2:57  SCV  
  30  3:05  SCV, Command Center  
  31  3:09  SCV  
  32  3:17  SCV  
  33  3:21  SCV  
  33  3:22  Starport  
  34  3:28  Hellion x2  
  34  3:29  SCV  
  34  3:31  Barracks Tech Lab  
  34  3:34  SCV  
  40  3:37  Supply Depot  
  40  3:41  SCV  
  40  3:46  Supply Depot, SCV  
  42  3:52  Hellion x2  
  46  3:58  SCV x2  
  48  4:10  SCV x2  
  48  4:15  Viking  
  52  4:18  Orbital Command  
  52  4:22  SCV x2, Hellion x2  
  58  4:27  Barracks Reactor, Engineering Bay  
  58  4:34  Refinery x2, SCV x2  
  60  4:38  Orbital Command  
  60  4:45  Raven  
  60  4:46  Hellion x2  
  60  4:47  SCV x2  
  68  4:53  Missile Turret  
  68  4:55  Missile Turret  
  68  4:59  Supply Depot, SCV x2  
  70  5:00  Supply Depot  
  70  5:08  SCV  
  70  5:11  SCV x2  
  70  5:12  Hellion  
  70  5:13  Hellion, Barracks Tech Lab  
  77  5:20  SCV  
  77  5:23  SCV x2  
  79  5:34  SCV  
  79  5:35  Factory, Viking, SCV  
  83  5:36  Factory, Viking  
  85  5:43  SCV  
  85  5:44  Refinery  
  85  5:46  Refinery  
  85  5:47  Supply Depot, SCV  
  85  5:49  Supply Depot  
  87  5:51  Hellion x2  
  87  5:53  SCV  
  87  5:55  SCV  
  93  5:57  Missile Turret  
  93  6:03  Supply Depot  
  93  6:09  Viking x2, SCV x3  
  100  6:14  Hellion x2  
  104  6:20  Supply Depot  
  104  6:21  SCV x3  
  104  6:22  Supply Depot  
  107  6:26  Armory  
  107  6:27  Armory, Siege Tank  
  107  6:31  Siege Tank  
  113  6:36  Infernal Pre-Igniter  
  113  6:39  SCV  
  115  6:41  Viking  
  115  6:43  Viking  
  115  6:45  SCV  
  119  6:58  Factory  
  119  6:59  Supply Depot  
  119  7:00  Supply Depot, Factory  
  119  7:01  Supply Depot  
  119  7:03  Siege Tank  
  119  7:05  Siege Tank  
  125  7:11  Viking  
  125  7:13  Viking  
  125  7:15  Terran Vehicle Weapons Level 1  
  129  7:17  Terran Vehicle And Ship Armor Level 1  
  129  7:21  Supply Depot  
  129  7:23  Supply Depot  
  129  7:24  Hellion x2  
  129  7:26  Mag-Field Accelerator  
  133  7:37  Command Center  
  133  7:40  Cyclone x2  
  139  7:44  Factory Tech Lab, Factory Reactor  
  139  7:52  Supply Depot, Hellion x2  
  139  7:53  Supply Depot  
  139  7:57  Supply Depot  
  143  8:00  Missile Turret  
  143  8:01  Missile Turret, Viking  
  145  8:06  Viking  
  147  8:14  Cyclone x2  
  147  8:18  Hellion  
  147  8:19  Hellion x2  
  159  8:22  Missile Turret  
  159  8:24  Missile Turret  
  159  8:26  Missile Turret  
  159  8:29  Hellion x2  
  159  8:31  Viking  
  165  8:36  Viking  
  165  8:40  Hellion x2  
  165  8:41  Starport x2  
  171  8:52  Command Center  
  171  8:55  Siege Tank x2  
  171  8:58  Siege Tank  
  171  9:01  Viking  
  181  9:07  Hellion x2  
  181  9:09  Hellion x2  
  189  9:14  Viking  
  191  9:30  Siege Tank  
  159  9:31  Siege Tank, Viking  
  159  9:32  Hellion x2  
  159  9:37  Hellion x3  
  136  9:44  Viking  
  130  9:50  Viking  
  131  9:54  Hellion  
  131  9:55  SCV x3  
  131  9:58  Siege Tank  
  140  10:00  Planetary Fortress  
  140  10:02  Refinery  
  140  10:04  Hellion x4  
  140  10:06  Refinery  
  147  10:10  Orbital Command  
  147  10:15  Sensor Tower, Terran Vehicle And Ship Armor Level 2  
  147  10:16  Terran Ship Weapons Level 1  
  147  10:20  Hellion x2  
  151  10:32  Siege Tank  
  148  10:37  Viking x3  
  154  10:43  Hellion x3  
  160  10:51  Hellion x11  
  158  10:59  Siege Tank  
  158  11:01  Command Center x2  
  161  11:09  Siege Tank  
  164  11:12  Viking  
  164  11:13  Viking  
  164  11:14  Viking x2  
  165  11:30  Starport x2  
  165  11:41  Thor x2  
  165  11:42  Viking x2  
  165  11:45  Starport Tech Lab x2  
  181  11:57  Missile Turret  
  181  11:58  Siege Tank  
  184  12:01  Missile Turret  
  153  12:27  Viking x4  
  122  12:48  Siege Tank  
  112  12:57  Viking x4  
  120  13:02  Viking  
  120  13:03  Viking  
  124  13:07  Siege Tank  
  124  13:10  Refinery, SCV x2  
  124  13:11  SCV x3  
  135  13:22  SCV  
  135  13:27  Raven x2, Viking x2, Terran Ship Weapons Level 2  
  138  13:28  Terran Vehicle And Ship Armor Level 3  
  138  13:32  Viking  
  143  13:34  Orbital Command  
  143  13:35  Planetary Fortress  
  143  13:39  Hellion x4  
  149  13:45  Viking  
  136  13:57  Viking x2  
  136  14:02  Viking  
  136  14:09  Siege Tank  
  130  14:10  Viking x2  
  130  14:13  Hellion  
  123  14:17  Hellion  
  118  14:26  SCV x3  
  118  14:30  SCV  
  121  14:38  Viking, SCV  
  124  14:39  Raven  
  126  14:46  SCV  
  126  14:50  SCV  
  126  14:52  SCV x4  
  132  14:57  Siege Tank x2  
  132  14:58  Siege Tank  
  132  14:59  Viking  
  143  15:02  SCV  
  143  15:04  Viking x2  
  148  15:09  Refinery  
  148  15:10  Refinery, Missile Turret  
  148  15:12  Viking  
  150  15:17  Missile Turret  
  150  15:18  Viking  
  150  15:22  Viking  
  150  15:25  Hellion x4  
  160  15:29  Hellion  
  162  15:37  Viking, Starport Reactor x2  
  162  15:41  Hellion x2  
  162  15:42  Viking  
  170  15:48  Viking  
  170  15:50  Terran Ship Weapons Level 3  
  168  15:58  Hellion x4  
  168  16:03  Viking  
  184  16:09  Thor x2  
  188  16:13  Viking  
  181  16:37  Viking x2  
  171  16:41  Viking x4  
  171  16:43  Siege Tank  
  148  16:49  Hellion x4  
  148  16:52  Siege Tank  
  149  16:54  Hellion  
  147  17:10  Hellion x2  
  147  17:15  Siege Tank x2  
  139  17:24  Raven, Siege Tank  
  144  17:33  Hellion x2  
  146  17:42  Hellion x2  
  148  17:47  Siege Tank, Hellion  
  149  17:53  Raven, Command Center  
  149  17:54  Hellion  
  153  18:09  Siege Tank  
  153  18:10  Siege Tank  
  159  18:14  Viking x3  
  159  18:18  Hellion x2  
  171  18:20  Hellion  
  171  18:22  Hellion  
  171  18:23  Hellion  
  163  18:45  Viking x3  
  163  18:46  Viking  
  163  18:48  Thor  
  171  18:49  Thor  
  171  18:53  Widow Mine x4  
  183  19:05  Command Center  
  183  19:14  Refinery, Viking x2  
  189  19:19  Raven  
  189  19:30  Hellion x5  
  189  19:31  Refinery  
  197  19:51  Siege Tank  
  153  20:03  Siege Tank, Hellion x2  
  153  20:04  Hellion x2  
  153  20:05  Hellion  
  146  20:24  Hellion  
  146  20:25  Refinery, Hellion x4  
  146  20:26  Siege Tank  
  146  20:27  Viking x3  
  165  20:33  Viking  
  164  20:47  Hellion x2  
  165  20:53  SCV  
  155  21:01  Hellion x2  
  128  21:14  Cyclone x3  
  132  21:25  Orbital Command  
  132  21:29  Raven  
  134  21:37  Widow Mine  
  134  21:38  Widow Mine  
  138  21:50  Refinery  
  134  22:10  Cyclone  
  134  22:11  Widow Mine  
  134  22:13  Widow Mine  
  134  22:14  Missile Turret  
  139  22:16  Missile Turret  
  135  22:32  Widow Mine x2  
  139  22:39  Missile Turret x2  
  139  22:41  Cyclone x2  
  139  22:43  Hellion x2  
  132  23:01  Hellion  
Show
View Real Time Build Order
Export as new Build Order

Happy Terran - Winner!

Build Orders: Reaper Expand, MMM Bio 

Get SALT Encoding   

  12  0:00  SCV  
  13  0:13  SCV  
  14  0:17  Supply Depot  
  14  0:25  SCV  
  15  0:39  SCV  
  15  0:40  Barracks  
  16  0:45  Refinery  
  16  0:51  SCV  
  17  1:03  SCV  
  18  1:15  SCV  
  19  1:27  Orbital Command  
  19  1:29  Reaper  
  20  1:43  Command Center  
  20  1:54  Supply Depot, SCV  
  21  2:06  SCV  
  22  2:17  Command Center  
  22  2:20  SCV  
  23  2:32  SCV  
  24  2:42  Factory, Refinery  
  24  2:44  SCV  
  25  2:55  Orbital Command  
  25  2:57  SCV  
  26  3:09  SCV  
  27  3:15  Barracks  
  27  3:17  Barracks  
  27  3:18  Barracks Reactor  
  27  3:21  SCV  
  27  3:23  SCV  
  29  3:28  Starport  
  29  3:32  Orbital Command  
  30  3:34  SCV  
  30  3:36  Factory Tech Lab  
  30  3:41  SCV  
  30  3:46  SCV  
  30  3:47  Refinery  
  32  3:53  SCV  
  32  3:55  Marine x2  
  35  3:56  Siege Tank  
  35  4:01  SCV  
  39  4:05  SCV  
  39  4:08  SCV, Barracks Tech Lab x2  
  40  4:13  SCV  
  40  4:14  Marine x2  
  43  4:17  Engineering Bay  
  43  4:18  SCV  
  43  4:22  Starport Reactor  
  43  4:23  SCV  
  45  4:25  SCV  
  45  4:26  Stimpack  
  45  4:30  Marine x2  
  48  4:31  SCV  
  48  4:35  Refinery  
  48  4:37  Combat Shields  
  49  4:39  SCV  
  49  4:40  SCV  
  49  4:41  Orbital Command  
  49  4:45  Marine x2  
  51  4:49  Marauder  
  51  4:51  SCV  
  51  4:52  Terran Infantry Weapons Level 1  
  56  4:53  SCV  
  56  4:58  Marine  
  56  4:59  Barracks  
  58  5:03  SCV  
  58  5:04  Supply Depot  
  58  5:06  SCV  
  61  5:07  SCV  
  61  5:15  Supply Depot  
  61  5:25  Viking x2, SCV x2, Marine  
  61  5:26  Starport  
  61  5:27  Factory Reactor  
  69  5:28  SCV  
  69  5:37  Supply Depot  
  69  5:38  SCV x2  
  69  5:40  Supply Depot  
  69  5:41  Barracks  
  69  5:42  SCV  
  72  5:51  Marine  
  72  5:52  Marauder  
  72  5:55  SCV x2  
  77  5:58  Viking x2  
  77  6:00  Supply Depot, SCV  
  77  6:02  Marine x2  
  84  6:06  Supply Depot  
  84  6:09  SCV x2  
  86  6:12  SCV  
  86  6:14  Viking, Barracks  
  89  6:20  Supply Depot  
  89  6:21  SCV  
  89  6:22  SCV  
  89  6:23  Viking  
  94  6:28  Marauder  
  94  6:29  Marauder  
  94  6:32  Viking  
  100  6:33  SCV  
  100  6:34  Viking, SCV  
  100  6:36  Liberator  
  100  6:38  Refinery  
  100  6:39  Refinery, Supply Depot  
  103  6:40  SCV  
  103  6:46  Viking, Barracks Tech Lab  
  106  6:48  Liberator, Terran Infantry Armor Level 1  
  106  6:51  SCV x2  
  106  6:53  SCV  
  112  6:54  Supply Depot  
  112  6:58  Missile Turret  
  112  7:03  Marauder x2, SCV, Marine  
  112  7:04  Supply Depot, Liberator  
  121  7:10  Viking  
  123  7:17  Command Center  
  123  7:22  Marine  
  129  7:23  Marauder  
  129  7:25  Supply Depot  
  129  7:28  Supply Depot  
  129  7:34  Concussive Shells, Starport  
  129  7:36  Viking  
  131  7:40  Medivac  
  133  7:44  Marine x3  
  133  7:45  Marine x2  
  133  7:46  Marauder  
  133  7:47  Liberator  
  133  7:48  Medivac  
  133  7:50  Missile Turret  
  142  7:51  Supply Depot  
  142  7:53  Supply Depot  
  142  7:54  Liberator  
  142  8:02  Marine x2  
  142  8:03  Marauder  
  142  8:05  Supply Depot, Marauder, Marine  
  150  8:06  Barracks  
  150  8:07  Liberator  
  150  8:10  Marine  
  154  8:15  Liberator  
  154  8:22  Marine  
  154  8:23  Marauder, Liberator  
  154  8:24  Marauder  
  164  8:27  Marauder  
  164  8:33  Liberator  
  170  8:41  Command Center  
  170  8:46  Marauder, Marine  
  173  8:53  SCV  
  173  8:54  Liberator, SCV x2  
  179  9:00  Planetary Fortress  
  179  9:06  SCV  
  180  9:10  Refinery  
  180  9:13  Refinery  
  183  9:19  Liberator x2  
  183  9:31  Marauder, Marine  
  148  9:37  Medivac  
  148  9:38  Marine x2  
  148  9:42  Viking  
  143  9:50  SCV  
  144  9:54  Viking  
  146  10:01  Command Center x2  
  146  10:07  Viking  
  146  10:08  Command Center  
  146  10:10  Refinery  
  146  10:12  Planetary Fortress  
  146  10:13  Refinery  
  150  10:19  Viking x2  
  150  10:21  Marauder x2, Marine  
  152  10:24  Viking  
  152  10:28  Barracks Reactor  
  157  10:30  SCV  
  157  10:32  Liberator  
  157  10:37  Viking  
  157  10:39  Viking x2  
  163  10:43  SCV  
  163  10:46  SCV x2  
  163  10:49  Viking, SCV  
  172  10:58  SCV, Barracks Tech Lab  
  172  10:59  Armory, Engineering Bay  
  172  11:01  SCV  
  172  11:03  Liberator x2  
  174  11:05  Starport  
  174  11:20  Viking x2  
  184  11:28  Viking  
  184  11:32  Planetary Fortress, Viking  
  185  11:33  Liberator  
  185  11:35  Planetary Fortress  
  99  11:40  Orbital Command  
  185  11:43  Fusion Core  
  185  11:44  Starport Tech Lab  
  185  11:53  Viking  
  190  11:56  Terran Infantry Armor Level 2, Terran Ship Weapons Level 1  
  190  12:00  Liberator x2  
  190  12:01  Armory  
  183  12:18  Viking  
  183  12:19  Viking  
  176  12:26  Marine  
  176  12:27  Marauder x3, Marine x2  
  176  12:29  Liberator, Viking  
  162  12:34  Viking  
  162  12:35  Advanced Ballistics  
  158  12:48  Marine  
  158  12:49  Marauder  
  158  12:50  Viking  
  155  12:53  Terran Infantry Weapons Level 2  
  155  12:55  Terran Vehicle And Ship Armor Level 1  
  144  13:01  SCV  
  144  13:02  SCV  
  144  13:03  Liberator, SCV  
  147  13:06  SCV  
  147  13:07  Viking  
  147  13:10  Viking, Medivac  
  154  13:13  SCV  
  154  13:14  SCV  
  154  13:15  SCV  
  154  13:18  Marauder, SCV, Marine x2  
  154  13:19  Medivac  
  164  13:20  Viking  
  169  13:28  Sensor Tower  
  169  13:29  Viking  
  169  13:33  Liberator x2, Marine x2  
  174  13:34  Marauder  
  174  13:36  Marauder, Marine  
  174  13:40  Marauder  
  178  13:44  Liberator  
  178  13:45  Liberator  
  172  13:50  Liberator x2, Marine  
  172  13:51  Marine  
  172  13:52  Marauder  
  169  13:55  Marauder  
  169  14:00  Liberator  
  164  14:02  Marine x2  
  164  14:03  Marauder, SCV  
  167  14:16  Liberator x2  
  159  14:20  Marine  
  153  14:25  Marine  
  153  14:26  Marauder, Marine  
  150  14:32  SCV, Terran Infantry Armor Level 3  
  150  14:33  Liberator  
  150  14:35  SCV  
  150  14:36  SCV  
  150  14:37  SCV  
  160  14:42  Marine x2  
  160  14:44  Viking x2  
  166  14:48  SCV, Starport  
  166  14:50  Viking  
  172  14:54  Terran Ship Weapons Level 2, Terran Vehicle And Ship Armor Level 2  
  172  14:59  Liberator  
  172  15:00  Viking  
  174  15:08  Liberator  
  174  15:11  Terran Infantry Weapons Level 3  
  174  15:14  Viking x2  
  174  15:16  Viking  
  174  15:17  Refinery  
  174  15:18  Refinery  
  174  15:21  SCV  
  188  15:30  Viking  
  188  15:33  Viking, SCV  
  193  15:40  Starport Reactor  
  193  15:42  Liberator  
  195  15:44  Viking x2  
  195  15:57  Medivac  
  195  16:00  SCV  
  196  16:06  Viking  
  196  16:07  Viking  
  200  16:18  Barracks  
  200  16:20  Barracks  
  200  16:22  Liberator x2  
  192  16:33  Liberator  
  192  16:36  Liberator  
  192  16:39  Viking x2  
  182  16:45  SCV  
  160  16:47  Viking  
  160  16:48  Refinery  
  160  16:53  Viking  
  167  16:55  Liberator x2  
  167  16:56  Marine  
  167  16:57  Marauder, SCV  
  167  16:58  Liberator  
  167  16:59  Marauder, Marine x2  
  165  17:02  Marine x2  
  165  17:07  Liberator  
  165  17:09  Refinery, Command Center, SCV, Hi-Sec Auto Tracking  
  165  17:10  Refinery, Command Center  
  165  17:14  Marine  
  146  17:17  Barracks Reactor, Marauder, Marine  
  146  17:19  Barracks Tech Lab, Marine  
  146  17:20  Marine  
  146  17:21  Marauder, SCV  
  152  17:22  Marine  
  156  17:33  Terran Ship Weapons Level 3, Liberator x4  
  156  17:34  Liberator  
  156  17:42  Liberator  
  156  17:43  Liberator  
  154  17:46  Liberator  
  168  18:04  Marine x2  
  168  18:05  Marine  
  180  18:10  Marine x2  
  180  18:11  Marine x3  
  185  18:17  Medivac  
  185  18:19  Marine x2  
  189  18:24  Orbital Command  
  189  18:33  Medivac x2  
  184  18:34  SCV  
  184  18:40  Marine  
  184  18:41  Marauder x2, Medivac, Marine x2  
  186  18:43  Medivac  
  186  18:44  Liberator, Medivac  
  186  18:46  SCV  
  196  18:50  SCV  
  197  18:58  Planetary Fortress  
  197  18:59  Liberator  
  199  19:25  Command Center x2  
  199  19:26  Terran Vehicle And Ship Armor Level 3  
  199  19:36  Liberator  
  199  19:38  Liberator  
  199  19:39  Liberator  
  199  19:41  Liberator  
  190  19:52  Liberator x2  
  158  19:53  Liberator x2  
  158  19:56  Viking  
  158  19:57  Marauder, Marine x2  
  158  19:58  Marauder  
  145  20:09  Liberator  
  145  20:11  Marine x3  
  145  20:12  Marauder x3  
  160  20:15  Marine  
  160  20:18  Marine x2  
  160  20:19  Marauder, Liberator  
  172  20:21  Liberator  
  159  20:22  Liberator  
  159  20:25  Liberator  
  162  20:29  Marine  
  162  20:30  Marauder  
  162  20:33  Marauder  
  162  20:35  Liberator, Marine  
  166  20:41  Liberator  
  179  20:52  Viking  
  179  20:53  Viking  
  179  20:55  Liberator  
  182  20:57  Marine x2  
  182  20:58  Marauder  
  182  21:02  Liberator, Marine x2  
  182  21:03  Marauder x2, Marine  
  182  21:04  Liberator  
  185  21:09  Liberator  
  169  21:13  Marine  
  169  21:16  Orbital Command  
  171  21:18  Orbital Command  
  171  21:22  Liberator  
  171  21:25  Viking  
  179  21:27  Liberator  
  182  21:34  Viking  
  190  21:48  SCV  
  190  21:53  Liberator x2  
  189  22:00  SCV  
  190  22:01  Liberator  
  189  22:10  Refinery  
  189  22:12  SCV  
  196  22:19  Refinery  
  196  22:20  Marauder  
  197  23:04  Marine x2  
Tags
 
Add a new tag
Caveats
  • Supply blocks, unpowered buildings, or Contaminate may cause inaccurate times.
  • Supply counts are checked every 10 seconds.